[Event "Titled Tuesday Blitz May 10 Late 2022"]
[White "Vega Gutierrez, Sabrina"]
[Black "Melikhov, Evgeny V."]
[WhiteFideId "2219026"]
[BlackFideId "4122046"]
[WhiteElo "2286"]
[BlackElo "1931"]
[Result "0-1"]
[Round "11"]
[TimeControl "180+1"]
[Date "2022.05.11"]
[WhiteClock "0:00:03"]
[BlackClock "0:00:13"]

1. e4 e5 2. Nf3 Nc6 3. Nc3 Nf6 4. g3 d5 5. exd5 Nxd5 6. Bg2 Nxc3 7. bxc3 Bd6 8. O-O O-O 9. Re1 f5 10. d3 Rb8 11. a4 h6 12. Rb1 Bd7 13. c4 Qf6 14. Nd2 Nd4 15. c3 Ne6 16. Nb3 Bc6 17. Bxc6 bxc6 18. Bd2 f4 19. Qe2 f3 20. Qe4 Rxb3 21. Rxb3 Nc5 22. Qxc6 Nxb3 23. Be3 Qf5 24. Kh1 Qh3 25. Rg1 Rf5 26. Qd7 Rh5 27. Qxh3 Rxh3 28. Bxa7 Nc5 29. a5 Nxd3 30. a6 c5 31. Rf1 e4 32. Bb6 Bb8 33. Kg1 Rh5 34. Rb1 Re5 35. Bc7 Bxc7 36. Rb7 Re8 37. Rxc7 Ra8 38. a7 Ne5 39. Kf1 Nxc4 40. Rb7 Kh7 41. Ke1 Nb6 42. Rxb6 Rxa7 43. Rb2 Ra1+ 44. Kd2 Rh1 45. Ke3 Rxh2 46. Kxe4 Rh1 47. Kxf3 Rc1 48. Rb3 c4 49. Ra3 Rd1 50. Ke2 Rd3 51. f3 Kg6 52. Kf2 Kf5 53. Ke2 g5 54. Kf2 h5 55. Kg2 h4 56. gxh4 gxh4 57. Kh3 Kf4 58. Ra4 Rxc3 59. Kxh4 Kxf3 60. Kg5 Ke4 61. Kg4 Kd4 62. Kf4 Rc1 63. Kf3 Kd3 64. Ra8 c3 65. Rd8+ Kc2 66. Ke2 Rh1 67. Rb8 Rh7 68. Ke1 Re7+ 69. Kf2 Kd1 70. Rd8+ Kc1 71. Rc8 c2 72. Rb8 Re5 73. Kf1 Kd2 74. Rd8+ Kc3 75. Rc8+ Kd3 76. Rd8+ Kc4 77. Rc8+ Rc5 0-1


[Site "https://www.chess.com"]

[Event "Titled Tuesday Blitz May 10 Late 2022"]
[White "Vlassov, Nikolai"]
[Black "Villiers, Thomas"]
[WhiteFideId "4103360"]
[BlackFideId "427209"]
[WhiteElo "2407"]
[BlackElo "2164"]
[Result "1/2-1/2"]
[Round "11"]
[TimeControl "180+1"]
[Date "2022.05.10"]
[WhiteClock "0:00:22"]
[BlackClock "0:00:19"]

1. e4 e6 2. d4 d5 3. exd5 exd5 4. Nf3 Nf6 5. c4 Be7 6. Bd3 dxc4 7. Bxc4 O-O 8. O-O Bg4 9. Nc3 Nbd7 10. h3 Bh5 11. g4 Bg6 12. Ne5 Nxe5 13. dxe5 Ne4 14. f4 Bc5+ 15. Kh2 Qh4 16. Qf3 Nxc3 17. bxc3 Bc2 18. f5 Rad8 19. Bf4 c6 20. a4 h5 21. Ra2 hxg4 22. Qxg4 Qxg4 23. hxg4 Bd3 24. Bxd3 Rxd3 25. Rc2 Rfd8 26. Kg2 b5 27. Ra1 Rd1 28. Rxd1 Rxd1 29. Ra2 Rd3 30. axb5 cxb5 31. Ra5 Rxc3 32. Rxb5 Bb6 33. Rd5 Rc4 34. Kf3 Rd4 35. Rb5 Rd3+ 36. Ke4 Rd4+ 37. Kf3 Rd3+ 38. Ke2 Rd4 39. Kf3 1/2-1/2


[Site "https://www.chess.com"]

[Event "Titled Tuesday Blitz May 10 Late 2022"]
[White "Vovk, Orest"]
[Black "Leiva, Gianmarco"]
[WhiteFideId "14113490"]
[BlackFideId "3804399"]
[WhiteElo "2203"]
[BlackElo "2323"]
[Result "0-1"]
[Round "11"]
[TimeControl "180+1"]
[Date "2022.05.10"]
[WhiteClock "0:01:34"]
[BlackClock "0:00:34"]

1. h4 e5 2. h5 d5 3. h6 Nxh6 4. d4 Nc6 5. Bxh6 gxh6 6. dxe5 Nxe5 7. Nf3 Bg7 8. Nxe5 Bxe5 9. Nc3 Bxc3+ 10. bxc3 Qf6 11. Qd4 Qxd4 12. cxd4 Bf5 13. Kd2 c5 14. e3 Rc8 15. Bd3 Bxd3 16. Kxd3 c4+ 17. Ke2 Rc6 18. Rh5 Rd6 19. Rb1 b6 20. Rbh1 O-O 21. Rxh6 Rg6 22. g3 Rxh6 23. Rxh6 f6 24. Rh5 Rd8 25. a4 Kg7 26. c3 Kg6 27. Rh1 h5 28. Rb1 Kf5 29. Kf3 Rd6 30. Rb5 a6 31. e4+ Ke6 32. exd5+ Kd7 33. Rb1 Kc7 34. Ke4 Rd8 35. Rh1 Re8+ 36. Kf5 Re2 37. f4 Re3 38. Rxh5 Rxg3 39. Kxf6 Kd6 40. Kf5 Kxd5 41. Rh6 Rxc3 42. Rxb6 Rb3 43. Rxa6 c3 44. Ra8 Kxd4 45. Rc8 Rb4 46. Kg6 Rc4 47. Rd8+ Ke4 48. Rd1 Kxf4 49. a5 c2 50. Rc1 Ke3 51. a6 Kd2 0-1


[Site "https://www.chess.com"]

[Event "Titled Tuesday Blitz May 10 Late 2022"]
[White "Vujic, Mihailo"]
[Black "Estrada Nieto, Julian"]
[WhiteFideId "918873"]
[BlackFideId "5101018"]
[WhiteElo "2256"]
[BlackElo "2252"]
[Result "1/2-1/2"]
[Round "11"]
[TimeControl "180+1"]
[Date "2022.05.11"]
[WhiteClock "0:00:12"]
[BlackClock "0:00:57"]

1. e4 e5 2. Nf3 Nc6 3. d4 exd4 4. Bc4 Bc5 5. O-O d6 6. c3 Nf6 7. cxd4 Bb6 8. e5 dxe5 9. dxe5 Qxd1 10. Rxd1 Ng4 11. Rf1 Be6 12. Bxe6 fxe6 13. Bf4 O-O 14. Bg3 Nd4 15. Nxd4 Bxd4 16. Nc3 Bxc3 17. bxc3 Rad8 18. Rad1 h5 19. h3 Nh6 20. Bh4 Rxd1 21. Rxd1 Nf5 22. Bg5 Rf7 23. g4 hxg4 24. hxg4 Nh6 25. Bxh6 gxh6 26. Kg2 Rf4 27. Kg3 Rc4 28. Rd3 Kf8 29. f4 Ke7 30. f5 Re4 31. f6+ Ke8 32. Kh4 Rxe5 33. f7+ Kxf7 34. Rd7+ Kf6 35. Rxc7 Ra5 36. Rxb7 Rxa2 37. c4 Rh2+ 38. Kg3 Rc2 39. Rxa7 Rxc4 40. Rh7 Kg6 41. Re7 Kf6 42. Rh7 Kg5 43. Rg7+ Kf6 44. Rh7 1/2-1/2


[Site "https://www.chess.com"]

[Event "Titled Tuesday Blitz May 10 Late 2022"]
[White "Wartiovaara, Oliver"]
[Black "Pinheiro, Iung Alicio de O."]
[WhiteFideId "513024"]
[BlackFideId "2104350"]
[WhiteElo "1971"]
[BlackElo "2283"]
[Result "1-0"]
[Round "11"]
[TimeControl "180+1"]
[Date "2022.05.11"]
[WhiteClock "0:00:10"]
[BlackClock "0:00:03"]

1. d4 c5 2. d5 e5 3. c4 d6 4. Nc3 Be7 5. Nf3 Bg4 6. Nd2 Bg5 7. Qb3 Bc8 8. e4 Nf6 9. Be2 O-O 10. h4 Bh6 11. g3 Ng4 12. Qc2 Na6 13. a3 f5 14. exf5 Bxf5 15. Nde4 Nxf2 16. O-O Bxc1 17. Raxc1 Nxe4 18. Nxe4 Nc7 19. Rxf5 Rxf5 20. Nxd6 Rf8 21. Ne4 b6 22. b4 Ne8 23. Ng5 Nf6 24. Ne6 Qd6 25. bxc5 bxc5 26. Nxf8 e4 27. Qc3 Rxf8 28. Kg2 Nd7 29. Qe3 Nf6 30. Rf1 h6 31. g4 Qe5 32. g5 hxg5 33. hxg5 Nd7 34. Qg3 Qb2 35. Rxf8+ Nxf8 36. Qe3 Qc2 37. Kg3 Nd7 38. Kf4 Nf8 39. Qxe4 Qc1+ 40. Qe3 Ng6+ 41. Kf3 Qh1+ 42. Kf2 Qh2+ 43. Ke1 Nf4 44. Kd2 Ng2 45. Qe8+ Kh7 46. Bd3+ g6 47. Bxg6+ Kg7 48. Qf7+ Kh8 49. Qf8# 1-0


[Site "https://www.chess.com"]

[Event "Titled Tuesday Blitz May 10 Late 2022"]
[White "Winkels, Marcel"]
[Black "Omariev, Maksim"]
[WhiteFideId "1003887"]
[BlackFideId "4193423"]
[WhiteElo "1900"]
[BlackElo "2473"]
[Result "0-1"]
[Round "11"]
[TimeControl "180+1"]
[Date "2022.05.11"]
[WhiteClock "0:00:06"]
[BlackClock "0:00:01"]

1. e4 h5 2. h4 c6 3. Nf3 d5 4. e5 Bg4 5. d4 e6 6. Be2 c5 7. c3 Nc6 8. Bg5 Qb6 9. O-O Bxf3 10. Bxf3 Qxb2 11. Nd2 Qxc3 12. dxc5 Qxe5 13. Rb1 Bxc5 14. Rxb7 Bb6 15. Qa4 Rc8 16. Rc1 Qd6 17. Bf4 e5 18. Bxe5 Qxe5 19. Rxc6 Rxc6 20. Qxc6+ Kf8 21. Nf1 Ne7 22. Qd7 g6 23. Bxd5 Qxd5 24. Qxe7+ Kg7 25. Ne3 Qxa2 26. Qe5+ Kh7 27. Qf6 Rf8 28. g4 Bxe3 29. fxe3 hxg4 30. Qg5 Qa1+ 31. Kg2 Qa6 32. Re7 Qe2+ 33. Kg1 Qe1+ 34. Kg2 Qe2+ 35. Kg1 Qf3 36. h5 g3 37. hxg6+ Kg7 38. gxf7+ Kh7 39. Re6 Qf2+ 0-1


[Site "https://www.chess.com"]

[Event "Titled Tuesday Blitz May 10 Late 2022"]
[White "Yuan, Qingyu"]
[Black "Melikyan, Gnel"]
[WhiteFideId "8609772"]
[BlackFideId "54109990"]
[WhiteElo "2359"]
[BlackElo "1772"]
[Result "1-0"]
[Round "11"]
[TimeControl "180+1"]
[Date "2022.05.10"]
[WhiteClock "0:00:04"]
[BlackClock "0:00:16"]

1. e4 c5 2. Nf3 Nc6 3. Bc4 g6 4. O-O Bg7 5. c3 d6 6. d4 cxd4 7. cxd4 Bg4 8. Bxf7+ Kf8 9. Bxg8 Rxg8 10. h3 Bxf3 11. Qxf3+ Ke8 12. Qb3 Rf8 13. Qxb7 Nxd4 14. Nc3 Qc8 15. Qd5 Qc6 16. Qa5 Kf7 17. Be3 Nc2 18. Rac1 Bxc3 19. Rxc2 Bxa5 20. Rxc6 Ke6 21. Rfc1 Rfb8 22. b3 Bb6 23. Bd2 Rf8 24. Be1 Rf4 25. R6c4 Raf8 26. R1c2 g5 27. Kf1 h5 28. f3 g4 29. Bg3 R4f7 30. f4 Rxf4+ 31. Bxf4 Rxf4+ 32. Ke1 gxh3 33. gxh3 Rf3 34. Rh2 Ke5 35. Ke2 Rg3 36. Kd2 Bd4 37. Ra4 Kxe4 38. Re2+ Kd5 39. Rxe7 Rxh3 40. Re2 h4 41. Kc2 Rc3+ 42. Kd1 h3 43. Rd2 h2 44. Raxd4+ Ke5 45. Rh4 1-0


[Site "https://www.chess.com"]

[Event "Titled Tuesday Blitz May 10 Late 2022"]
[White "Zhou, Qiyu"]
[Black "Khripachenko, Alexander"]
[WhiteFideId "505161"]
[BlackFideId "54184975"]
[WhiteElo "1925"]
[BlackElo "2138"]
[Result "1-0"]
[Round "11"]
[TimeControl "180+1"]
[Date "2022.05.10"]
[WhiteClock "0:00:05"]
[BlackClock "0:01:23"]

1. e4 c6 2. d4 d5 3. e5 Bf5 4. h4 h5 5. Bd3 Bxd3 6. Qxd3 Qa5+ 7. Nd2 e6 8. Ne2 Ne7 9. Ng3 g6 10. O-O Qa6 11. c4 Nf5 12. Nxf5 gxf5 13. b3 Nd7 14. Nf3 Be7 15. Bf4 O-O-O 16. Rfc1 Kb8 17. Rc2 dxc4 18. bxc4 Nc5 19. Qc3 Ne4 20. Qb3 Rhg8 21. g3 Rg4 22. Kh2 Qa3 23. Rb1 Qxb3 24. axb3 c5 25. d5 exd5 26. e6+ Kc8 27. cxd5 fxe6 28. dxe6 Rg6 29. b4 b6 30. bxc5 Bxc5 31. Ra1 Kb7 32. e7 Re8 33. Rca2 a5 34. Rb1 Kc6 35. Ne5+ Kd5 36. Nxg6 Ke6 37. Re1 Kf6 38. Ne5 Nxf2 39. Bg5+ Kg7 40. Nc6 Ne4 41. Rae2 a4 42. Ne5 a3 43. Nc4 b5 44. Nd2 Bb4 45. Rb1 Nc3 46. Rxb4 Nxe2 47. Rxb5 Nc3 48. Ra5 a2 49. Ra6 Rb8 50. Bf6+ Kf7 51. Bxc3 Rc8 52. Bd4 Rc2 53. Be3 Rb2 54. Kg2 f4 55. gxf4 Kxe7 56. Kf3 Kf7 57. Nc4 Rh2 58. Ne5+ Ke7 59. Bd4 Rh3+ 60. Ke4 Rh2 61. Kf5 Rxh4 62. Ng6+ 1-0